AoeStats
← Green Assassin

African Clearing

505207934Analyzed
4v4 RM · 23d ago on Sep 8, 2026· 62m 26s· 8 players
Game mode
Random Map
Map size
Large (8 player)
Population
200
Speed
Normal
Resources
Standard
Victory
Conquest
Starting age
Dark Age
Ending age
Imperial Age
RankedLock teamsTeams togetherTeam positionsShared explorationLock speedFull tech treeHidden civsTurbo modeCheats
Victory
Defeat
🇨🇳 Byzantines · China
1101
+14
🇻🇳 Mongols · Vietnam
1051
+16
🇭🇰 Persians · Hong Kong SAR China
1045
+16
🇨🇳 Celts · China
1007
+18
🇩🇪 Vietnamese · Germany
1146
-20
🇳🇱 Huns · Netherlands
1084
-17
🇺🇸 Armenians · United States
1005
-14
🇮🇳 Dravidians · India
985
-13
S O L
13:41 Feudal Age
18:00 Castle Age
15:49 Double-Bit Axe
17:07 Forging
16:57 Stone Mining
18:03 Wheelbarrow
18:19 Bloodlines
18:20 Loom
18:22 Town Watch
20:00 Husbandry
23:51 Fletching
25:09 Padded Archer Armor
25:18 Gold Mining
25:10 Horse Collar
26:57 Bodkin Arrow
27:47 Light Cavalry
28:33 Scale Barding Armor
36:06 Imperial Age
34:40 Fervor
35:20 Leather Archer Armor
35:48 Chain Barding Armor
36:16 Thumb Ring
38:20 Conscription
37:27 Elite Mangudai
38:52 Bow Saw
39:17 Gold Shaft Mining
39:55 Chemistry
39:43 Bracer
40:09 Hand Cart
41:26 Iron Casting
41:20 Hussar
44:25 Parthian Tactics
45:01 Blast Furnace
44:28 Drill
45:21 Hoardings
46:58 Ballistics
46:44 Siege Engineers
46:41 Nomads
47:48 Stone Shaft Mining
47:14 Heavy Plow
50:25 Masonry
50:10 Murder Holes
50:19 Capped Ram
51:38 Siege Ram
62:04 Caravan
62:35 Coinage
61:27 Crossbowman
61:28 Elite Skirmisher
61:29 Heavy Cavalry Archer
61:30 Cavalier
61:31 Heavy Camel Rider
61:32 Elite Steppe Lancer
62:14 Scale Mail Armor
62:15 Squires
62:01 Arson
61:36 Pikeman
61:37 Man-at-Arms
61:49 Sappers
62:31 Fortified Wall
62:11 Guard Tower
62:26 Siphons
62:42 Shipwright
62:32 Clinker Construction
62:33 Careening
62:33 Town Patrol
Mr.Young
3:25 Loom
13:49 Feudal Age
19:34 Castle Age
20:41 Man-at-Arms
21:12 Gambesons
23:00 Scale Mail Armor
32:49 Double-Bit Axe
33:37 Horse Collar
38:46 Imperial Age
36:51 Gold Mining
38:37 Heavy Plow
41:02 Capped Ram
42:17 Heavy Scorpion
45:45 Chain Mail Armor
46:34 Bow Saw
47:01 Wheelbarrow
46:12 Town Watch
51:03 Plate Mail Armor
50:45 Forging
52:04 Padded Archer Armor
52:03 Elite Skirmisher
少年強, 則老婦扶牆
5:42 Loom
12:53 Feudal Age
13:14 Double-Bit Axe
16:28 Wheelbarrow
19:10 Castle Age
19:40 Scale Barding Armor
19:46 Forging
24:41 Bloodlines
33:50 Fletching
36:59 Hand Cart
43:55 Imperial Age
44:34 Imperial Age
44:31 Gold Mining
45:37 Bow Saw
44:56 Cavalier
45:37 Husbandry
46:24 Caravan
48:08 Savar
51:39 Horse Collar
52:44 Chain Barding Armor
53:06 Iron Casting
55:22 Plate Barding Armor
61:46 Blast Furnace
61:14 Conscription
Lunara
5:32 Loom
14:21 Feudal Age
15:25 Double-Bit Axe
18:08 Castle Age
16:53 Forging
17:31 Scale Barding Armor
20:42 Husbandry
27:33 Fletching
28:05 Bow Saw
29:13 Horse Collar
31:49 Chain Barding Armor
33:04 Wheelbarrow
34:47 Iron Casting
35:19 Bodkin Arrow
37:53 Gold Mining
37:54 Stone Mining
39:16 Gold Shaft Mining
38:15 Elite Skirmisher
38:58 Padded Archer Armor
42:24 Imperial Age
40:13 Hand Cart
40:52 Stone Shaft Mining
40:48 Thumb Ring
41:01 Leather Archer Armor
43:21 Ballistics
43:11 Bracer
43:51 Plate Barding Armor
43:48 Ring Archer Armor
43:43 Conscription
44:31 Chemistry
46:06 Logistica
46:54 Scale Mail Armor
49:34 Heavy Plow
50:55 Two-Man Saw
51:09 Crop Rotation
52:23 Elite Cataphract
LetRapier1966
3:05 Loom
15:36 Feudal Age
16:04 Double-Bit Axe
15:43 Man-at-Arms
16:28 Gold Mining
17:53 Scale Mail Armor
18:33 Wheelbarrow
25:28 Castle Age
29:59 Horse Collar
30:55 Crossbowman
30:55 Elite Skirmisher
34:24 Stone Mining
34:43 Heavy Plow
35:38 Scale Barding Armor
36:26 Medical Corps
36:28 Herbal Medicine
37:57 Fletching
38:29 Thumb Ring
38:58 Hand Cart
43:52 Imperial Age
41:22 Bodkin Arrow
41:57 Ballistics
43:24 Padded Archer Armor
43:23 Murder Holes
44:30 Devotion
45:39 Chemistry
44:09 Elite Elephant Archer
46:10 Leather Archer Armor
46:21 Elite Skirmisher
54:23 Husbandry
58:42 Chain Barding Armor
59:08 Bow Saw
61:36 Forging
63:13 Iron Casting
Giraffetietje
10:25 Loom
12:24 Feudal Age
13:14 Double-Bit Axe
17:02 Castle Age
16:55 Wheelbarrow
17:36 Stone Mining
18:18 Bow Saw
18:18 Horse Collar
24:06 Forging
24:49 Scale Mail Armor
25:24 Iron Casting
26:43 Squires
27:27 Scale Barding Armor
27:45 Pikeman
33:42 Imperial Age
32:15 Chain Mail Armor
34:57 Fletching
35:07 Padded Archer Armor
36:53 Bodkin Arrow
37:14 Leather Archer Armor
36:45 Halberdier
42:11 Heavy Cavalry Archer
43:18 Parthian Tactics
42:59 Thumb Ring
43:18 Ballistics
44:00 Chemistry
43:15 Bracer
48:17 Elite Skirmisher
50:09 Bloodlines
49:59 Husbandry
52:57 Two-Man Saw
Green Assassin
3:06 Loom
14:07 Feudal Age
19:39 Castle Age
17:37 Fishing Lines
18:25 Double-Bit Axe
21:20 Bow Saw
21:34 Squires
23:23 Arson
26:44 Fletching
30:26 Padded Archer Armor
30:24 Bodkin Arrow
31:38 Wheelbarrow
37:07 Imperial Age
34:41 Padded Archer Armor
35:45 Ballistics
35:32 Gold Mining
36:02 Leather Archer Armor
36:41 Thumb Ring
39:02 Bracer
39:02 Horse Collar
40:31 Chemistry
41:32 Hand Cart
41:04 Town Watch
41:38 Scale Mail Armor
41:48 Forging
44:20 Ring Archer Armor
44:57 Elite Fire Lancer
46:15 Elite Rattan Archer
49:55 Paper Money
50:23 Chain Mail Armor
50:28 Pikeman
52:29 Plate Mail Armor
52:34 Iron Casting
51:41 Halberdier
Actual Cannibal Kasane Teto
4:04 Loom
14:55 Feudal Age
15:21 Fishing Lines
16:04 Double-Bit Axe
18:35 Horse Collar
18:35 Man-at-Arms
21:12 Long Swordsman
22:23 Pikeman
25:02 Wheelbarrow
27:57 Castle Age
26:19 Gold Mining
26:22 Stone Mining
26:49 Arson
27:31 Forging
27:22 Scale Mail Armor
28:03 Two-Handed Swordsman
29:11 Heavy Plow
29:31 Bow Saw
30:13 Hand Cart
30:38 Squires
30:26 Gambesons
32:00 Gold Shaft Mining
34:14 Fletching
34:25 Padded Archer Armor
38:28 Iron Casting
37:49 Bodkin Arrow
38:10 Chain Mail Armor
38:37 Caravan
38:30 Town Watch
38:51 Champion
39:27 Halberdier
44:51 Imperial Age
42:10 Champion
43:08 Leather Archer Armor
45:03 Scale Barding Armor
45:16 Town Patrol
46:01 Conscription
45:02 Elite Composite Bowman
45:48 Fereters
46:47 Hoardings
47:02 Plate Mail Armor
47:34 Blast Furnace
46:33 Crossbowman
48:37 Arbalester
49:54 Cilician Fleet
50:11 Bracer
50:41 Ring Archer Armor
50:32 Chain Barding Armor
49:59 Elite Skirmisher
53:37 Gillnets
54:08 Light Cavalry
55:23 Husbandry
55:37 Bloodlines
55:20 Imperial Skirmisher
56:27 Sappers
58:46 Cavalier
Connection lost

Rejoining the realm…

Still unreachable

The connection could not be restored.

Session expired

The server has moved on; the page needs a fresh start.